 Dungeon Crawl Stone Soup version 0.27.1-1-g398f81649c (webtiles) character file.

Game seed: 9171953833692118850

53 Woods the Magician (level 4, -5/27 HPs)
             Began as a Djinni Fire Elementalist on Sept 19, 2021.
             Slain by Sigmund (15 damage)
             ... on level 2 of the Dungeon.
             The game lasted 00:03:43 (2272 turns).

Woods the Magician (Djinni Fire Elementalist)       Turns: 2272, Time: 00:03:43

Health: -5/27      AC:  1    Str:  7    XL:     4   Next: 11%
Gold:   80         EV: 12    Int: 17    God:
                   SH:  0    Dex: 14

rFire    + + +     SeeInvis .   (no weapon)
rCold    x . .     Faith    .   (no shield)
rNeg     . . .     Spirit   .   a - +0 robe
rPois    ∞         Reflect  .   (no helmet)
rElec    .         Harm     .   (no cloak)
rCorr    .         Rampage  .   (no gloves)
Will     .....                  (boots unavailable)
Stlth    ++........             (no amulet)
HPRegen  0.09/turn              (no ring)
MPRegen  0.00/turn              (no ring)

@: about to teleport, flying
A: sickness immunity, fire resistance 3, cold vulnerability 1, float, innate
caster, hp casting, extra vitality 1, deformed body, frail 1
a: no special abilities


You were on level 2 of the Dungeon.
You visited 1 branch of the dungeon, and saw 2 of its levels.

You collected 80 gold pieces.

Inventory:

Armour
 a - a +0 robe (worn)
Scrolls
 c - a scroll of vulnerability
 e - a scroll of enchant armour
 h - a scroll of silence {unknown}
Potions
 f - a potion of degeneration


   Skills:
 - Level 2.2 Dodging
 - Level 1.5 Stealth
 + Level 3.6 Spellcasting


You couldn't memorise any spells.
You knew the following spells:

 Your Spells              Type           Power      Damage    Failure   Level
a - Foxfire               Conj/Fire      60%        2x1d7     3%          1
b - Conjure Flame         Conj/Fire      15%        6-21      11%         3
c - Inner Flame           Hex/Fire       15%        N/A       11%         3
d - Sticky Flame          Conj/Fire      15%        2d4       34%         4
e - Fireball              Conj/Fire      7%         3d5       69%         5
f - Magic Dart            Conj           60%        1d6       3%          1
Your spell library was empty.

Dungeon Overview and Level Annotations

Branches:
Dungeon (2/15)

Altars:

Annotations:
D:2 Sigmund


Innate Abilities, Weirdness & Mutations

You are immune to sickness and miasma.
You are immune to poison.
Your flesh is almost immune to the effects of heat. (rF+++)
You are vulnerable to cold. (rC-)
You float through the air rather than walking.
You learn spells naturally, not from books.
Your magical power is your life essence.
You have superior vitality. (+4 HP)
Armour fits poorly on your strangely shaped body.
You are frail. (-10% HP)


Message History

Confirm with . or Enter, or press ? or * to list all spells.
There is not enough space to conjure foxfire!
Your foxfire dissipates! x2
Casting: Foxfire (safe; 3% risk of failure)
Confirm with . or Enter, or press ? or * to list all spells.
You conjure some foxfire!
The ball python hisses angrily.
Casting: Foxfire (safe; 3% risk of failure)
Confirm with . or Enter, or press ? or * to list all spells.
The spell is quite dangerous to cast (11% risk of failure)!
Continue anyway?
The fire begins to smoulder!
The foxfire hits the ball python.
You kill the ball python!
Sigmund the Dreaded comes into view.
He is wielding a +2 scythe of protection.
Sigmund shouts!
The fire ignites!
Sigmund gestures at you while chanting. The magic dart hits you.
As you read the scroll labelled XALOYJ POFA, it crumbles to dust.
It is a scroll of identify.
c - a scroll of vulnerability
As you read the scroll of identify, it crumbles to dust.
e - a scroll of enchant armour Sigmund points at you and mumbles some strange words.
The puff of flame hits you. You resist.
As you read the scroll of identify, it crumbles to dust.
d - a potion of mutation
As you read the scroll of identify, it crumbles to dust.
f - a potion of degeneration
As you read the scroll of identify, it crumbles to dust.
g - a scroll of teleportation Sigmund hits you from afar with a +2 scythe of protection.
As you read the scroll of teleportation, it crumbles to dust.
You feel strangely unstable.
Sigmund points at you and mumbles some strange words.
The magic dart hits you!
You feel extremely strange.
You feel frail.
Your body twists and deforms.
You feel more resistant to heat.
Sigmund hits you from afar with a +2 scythe of protection!
Ouch! That really hurt!
You die...

#.#.# #.#.##########
#.#.#.........
......######## #.#.###
....# ....## .....#
############ .....#
#..○@.@.†... .....#
#.########## .....# #.#
.....##### #.# ###########
.....#...####.###.........#
.......#.#........#######.#
###.##.#.#........# #.#
#....#...>......#### #.#
#:######...........## #.#


You could see Sigmund.

Vanquished Creatures
  An adder (D:2)
  4 dart slugs
  4 bats
  5 endoplasms
  3 giant cockroaches (D:2)
  2 goblins
  3 hobgoblins
  3 quokkas
  2 ball pythons (D:2)
  2 frilled lizards (D:2)
  3 kobolds (D:1)
  A rat (D:1)
33 creatures vanquished.

Vanquished Creatures (others)
  101 foxfires
101 creatures vanquished.

Grand Total: 134 creatures vanquished

Notes
Turn   | Place    | Note
-------+----------+-------------------------------------------
     0 | D:1      | Woods the Djinni Fire Elementalist began the quest for the
                  | Orb.
     0 | D:1      | Reached XP level 1. HP: 15/15 MP: 0/0
   174 | D:1      | Reached XP level 2. HP: 3/21 MP: 0/0
   689 | D:1      | Reached skill level 3 in Spellcasting
   756 | D:1      | Found a faded altar of an unknown god.
  1047 | D:1      | Reached XP level 3. HP: 22/25 MP: 0/0
  1047 | D:1      | Learned a level 1 spell: Magic Dart
  1932 | D:2      | Reached XP level 4. HP: 27/31 MP: 0/0
  2263 | D:2      | Noticed Sigmund
  2272 | D:2      | Gained mutation: You are frail. (-10% HP) [potion of
                  | mutation]
  2272 | D:2      | Gained mutation: Armour fits poorly on your strangely
                  | shaped body. [potion of mutation]
  2272 | D:2      | Gained mutation: Your flesh is almost immune to the effects
                  | of heat. (rF+++) [potion of mutation]
  2272 | D:2      | Slain by Sigmund

Illustrated notes

Levels and vault maps discovered:
D:1:      dpeg_arrival_radiant, layout_basic,
          ebering_ecumenical_altar_sacrificial, chequers_serial_rivers_small_b
D:2:      layout_loops_ring, st_stairs_2, uniq_sigmund

Skill      XL: |  1  2 |
---------------+-------+-----
Spellcasting   | 3 |  3.6
Dodging        | |  2.2
Stealth        | |  1.5

Action                   |  1- 3 |  4- 6 || total
-------------------------+-------+-------++-------
 Cast: Foxfire           |    57 |    10 ||    67
       Magic Dart        |     3 |       ||     3
       Conjure Flame     |       |     1 ||     1
  Use: Scroll            |       |     6 ||     6
       Potion            |       |     1 ||     1
Armor: Robe              |     2 |     3 ||     5
Dodge: Dodged            |     4 |       ||     4
